Map: Orbital Shipyard

Players

Desolation - Winner!

  • Race: Protoss Protoss
  • League: Diamond

Grim

  • Race: Terran Terran
  • League: Platinum

Event: Gauntlet LotV Series 1 Qualifier 2

VOD

Have the link to the VOD?

Description

Time

  • Played on: Dec. 5, 2015, 1:39 p.m.
  • Length: 14:52

All games in this series

Show
View Real Time Build Order
Export as new Build Order

Desolation Protoss - Winner!

Build Orders:  

Get SALT Encoding   

  12  0:00  Probe (Chrono Boost)  
  13  0:11  Probe (Chrono Boost)  
  14  0:22  Probe (Chrono Boost)  
  14  0:23  Pylon  
  15  0:41  Gateway, Probe (Chrono Boost)  
  16  0:44  Assimilator  
  16  0:52  Probe (Chrono Boost)  
  16  0:53  Pylon  
  17  1:02  Probe (Chrono Boost), Assimilator  
  18  1:13  Probe (Chrono Boost)  
  19  1:23  Probe (Chrono Boost)  
  20  1:28  Cybernetics Core  
  20  1:34  Probe (Chrono Boost)  
  20  1:36  Zealot  
  23  1:44  Probe (Chrono Boost)  
  24  1:50  Gateway  
  24  1:55  Probe (Chrono Boost)  
  25  2:04  Warp Gate (Chrono Boost)  
  25  2:06  Mothership Core  
  27  2:16  Gateway  
  27  2:27  Probe  
  27  2:28  Gateway  
  28  2:39  Probe, Adept  
  31  2:58  Pylon  
  31  3:03  Pylon  
  31  3:05  Probe  
  29  3:26  Probe  
  30  3:38  Probe  
  31  3:55  Gateway  
  31  3:58  Pylon  
  31  4:01  Pylon  
  31  4:09  Pylon  
  31  4:17  Adept x4  
  37  4:37  Pylon  
  37  4:39  Pylon  
  36  4:51  Adept  
  36  4:52  Adept x3  
  44  4:57  Pylon  
  44  4:58  Pylon  
  42  5:12  Probe  
  41  5:17  Stargate  
  41  5:20  Stalker  
  43  5:23  Sentry  
  43  5:24  Probe  
  46  5:30  Nexus  
  46  5:36  Probe  
  47  5:56  Pylon  
  47  5:57  Probe  
  47  6:06  Pylon  
  47  6:22  Pylon  
  47  6:24  Oracle (Chrono Boost)  
  50  6:26  Pylon  
  50  6:29  Probe  
  50  6:32  Twilight Council  
  51  6:35  Adept x2  
  47  7:13  Probe  
  48  7:21  Stalker  
  48  7:22  Stalker x3  
  56  7:39  Oracle (Chrono Boost)  
  56  7:42  Assimilator  
  56  7:43  Blink  
  56  7:46  Stalker x3  
  56  7:47  Assimilator  
  56  7:49  Adept  
  50  8:16  Adept x4  
  54  8:22  Probe  
  54  8:25  Void Ray (Chrono Boost)  
  59  8:27  Probe  
  60  8:34  Probe  
  61  8:42  Probe  
  61  8:46  Probe  
  63  9:03  Adept x5  
  71  9:27  Stalker x3  
  71  9:28  Stalker  
  70  9:56  Stalker x4  
  70  9:57  Stalker  
  78  10:07  Void Ray (Chrono Boost)  
  68  10:20  Stalker x3  
  64  10:33  Probe  
  63  10:44  Void Ray (Chrono Boost)  
  67  10:53  Nexus  
  67  11:06  Probe  
  67  11:08  Probe  
  67  11:10  Pylon  
  69  11:11  Pylon  
  69  11:16  Resonating Glaives (Chrono Boost)  
  69  11:17  Pylon x2  
  69  11:28  Adept x3  
  69  11:30  Adept  
  77  11:34  Probe  
  77  11:35  Probe  
  79  11:44  Robotics Facility  
  79  11:47  Probe  
  79  11:51  Sentry x3  
  86  11:55  Probe  
  86  11:59  Probe  
  88  12:05  Probe  
  88  12:07  Void Ray  
  93  12:17  Assimilator  
  93  12:26  Stalker x3  
  99  12:31  Pylon  
  99  12:33  Pylon  
  99  12:41  Immortal  
  103  12:47  Pylon  
  103  12:56  Probe  
  103  12:58  Probe x2, Oracle  
  109  13:06  Assimilator  
  109  13:13  Forge x2  
  109  13:14  Stalker  
  109  13:16  Probe  
  109  13:17  Probe x2  
  114  13:25  Warp Prism  
  116  13:30  Probe  
  116  13:31  Probe  
  118  13:54  Probe  
  118  13:55  Stalker, Nexus  
  121  14:16  Stalker x3  
  113  14:38  Adept  
Show
View Real Time Build Order
Export as new Build Order

Grim Terran 

Build Orders: MMM Bio 

Get SALT Encoding   

  12  0:01  SCV  
  13  0:13  SCV  
  14  0:22  Supply Depot  
  14  0:25  SCV  
  15  0:39  Refinery  
  15  0:44  SCV  
  15  0:46  Barracks  
  16  0:56  SCV  
  17  1:00  Supply Depot  
  17  1:08  SCV  
  18  1:15  Barracks  
  18  1:22  SCV  
  19  1:33  Barracks Tech Lab  
  19  1:37  SCV  
  20  1:40  Refinery  
  20  1:48  Barracks  
  20  1:53  SCV  
  21  2:01  Stimpack  
  21  2:05  Barracks Tech Lab  
  21  2:08  Marine  
  22  2:24  SCV  
  22  2:28  Marauder  
  22  2:29  Concussive Shells  
  25  2:32  Marine  
  25  2:36  Marine  
  27  2:45  Supply Depot  
  27  2:48  Orbital Command  
  26  3:14  Marauder x2, Marine  
  29  3:31  Marine  
  28  3:35  Marauder x2  
  32  3:43  Supply Depot  
  32  4:05  Marauder  
  32  4:06  Marine x2  
  32  4:09  Combat Shields  
  35  4:13  Supply Depot  
  35  4:16  Bunker  
  32  4:33  Marauder x2, Marine  
  37  4:51  Marine  
  38  4:53  Bunker  
  38  4:54  Marauder  
  38  4:55  Marauder  
  42  5:09  Marine  
  43  5:15  Marine x2  
  44  5:26  Marine  
  45  5:34  Marauder x2  
  47  5:41  Factory  
  47  5:53  Supply Depot  
  47  5:56  Barracks  
  47  6:05  Marine  
  47  6:15  Marauder x2  
  51  6:19  Engineering Bay  
  51  6:23  Marine  
  51  6:24  Factory Tech Lab  
  52  6:32  Command Center  
  52  6:36  Marauder  
  54  6:41  Marine  
  54  6:42  Marauder  
  54  6:52  Siege Tank  
  56  6:54  Barracks Reactor  
  56  6:57  Marine  
  56  7:00  Starport  
  55  7:12  Marine x2  
  55  7:15  Marine  
  56  7:23  Terran Infantry Weapons Level 1  
  56  7:25  Supply Depot  
  56  7:30  Marine  
  55  7:49  Marine  
  51  8:05  Marine x3  
  53  8:07  Missile Turret  
  47  8:16  Siege Tank  
  49  8:29  Missile Turret  
  49  8:34  Missile Turret  
  49  8:42  Marine x2  
  49  8:43  Marine x2  
  52  9:00  Marine x3  
  52  9:01  Marine  
  50  9:26  Siege Tank  
  50  9:28  Marine x2  
  50  9:29  Marauder, Marine x2  
  57  9:46  Marine x2  
  57  9:47  Marauder  
  57  9:50  Marauder  
  52  9:55  Marine  
  52  10:03  Marine  
  52  10:04  Marine  
  54  10:09  Marauder  
  54  10:11  Marine  
  54  10:13  Marine  
  48  10:26  Marine x2  
  48  10:28  Viking  
  50  10:29  Marine x2  
  50  10:31  Marine  
  52  10:43  SCV x2  
  52  10:46  Marine  
  52  10:47  Marine x2  
  57  10:50  Terran Infantry Armor Level 1  
  54  11:07  Starport Reactor  
  54  11:17  Barracks Reactor, Starport  
  54  11:18  Marine x3  
  54  11:23  Armory  
  57  11:30  Marauder  
  59  11:35  SCV x2  
  59  11:36  Marine  
  59  11:37  Marauder  
  64  11:46  Marine  
  65  11:51  Marauder  
  65  11:53  Viking  
  65  11:54  Marine  
  69  11:58  Viking  
  72  12:17  Marine x3  
  72  12:18  Marine  
  72  12:35  Viking  
  72  12:36  Viking  
  76  12:38  Marine  
  77  12:51  Supply Depot  
  77  12:52  Terran Ship Weapons Level 1  
  77  12:55  SCV  
  78  13:11  Marine  
  78  13:12  Marine x2  
  81  13:21  SCV x2  
  83  13:52  Marine x4  
  83  13:53  Marine  
  90  13:56  Viking  
  90  13:57  Viking  
  90  14:00  SCV  
Tags
 
Add a new tag
Caveats
  • Supply blocks, unpowered buildings, or Contaminate may cause inaccurate times.
  • Supply counts are checked every 10 seconds.